 Dungeon Crawl Stone Soup version 0.21.0-3-g78d12a8 (webtiles) character file.

268 Gorice the Ruffian (level 6, 0/50 (51) HPs)
             Began as a Ghoul Fighter on Jan 12, 2018.
             Slain by an orc wizard
             ... wielding a +0 dagger
              (1 damage)
             ... on level 3 of the Dungeon.
             The game lasted 00:10:31 (2798 turns).

Gorice the Ruffian (Ghoul Fighter)                  Turns: 2798, Time: 00:10:32

HP:   0/50 (51)     AC:  8    Str: 20    XL:     6   Next: 21%
MP:   5/5           EV:  8    Int:  5    God:
Gold: 116           SH:  8    Dex:  8    Spells: 5/5 levels left

rFire    . . .     SeeInvis .     - Unarmed
rCold    + . .     Gourm    .   j - +0 shield
rNeg     + + +     Faith    .   a - +0 scale mail
rPois    ∞         Spirit   .   (no helmet)
rElec    .         Reflect  .   e - +1 cloak
rCorr    .         Harm     .   (no gloves)
MR       .....                  (no boots)
Stlth    ..........             (no amulet)
HPRegen  0.00/turn              (no ring)
MPRegen  0.09/turn              (no ring)

@: rotting
A: rotting body, claws 1, carnivore, cold resistance 1, negative energy
resistance 3, inhibited regeneration, torment resistance, unbreathing
a: no special abilities


You were on level 3 of the Dungeon.
You were not hungry.

You visited 1 branch of the dungeon, and saw 4 of its levels.

You collected 116 gold pieces.

Inventory:

Hand Weapons
 b - a +2 hunting sling of freezing
   (You took it off a goblin on level 3 of the Dungeon)
Missiles
 f - a poisoned tomahawk
 k - 20 sling bullets
 w - 7 tomahawks
 Y - 112 stones (quivered)
Armour
 a - a +0 scale mail (worn)
 e - a +1 cloak (worn)
 j - a +0 shield (worn)
 q - a +0 large shield
 u - a +0 pair of gloves
Scrolls
 g - a scroll of teleportation {!r}
 h - 5 scrolls of remove curse
Potions
 c - 2 potions of might {!q}
 i - a potion of invisibility {!q}
 l - a potion of curing {unknown}
 m - 2 potions of heal wounds {!q}
 n - a potion of degeneration {unknown}
 o - a potion of mutation {unknown}
 p - a potion of flight {unknown}
 r - a potion of brilliance {unknown}
 s - a potion of lignification {unknown}
 v - a potion of agility {unknown}
Comestibles
 d - 3 rations
 t - a chunk of flesh


   Skills:
 - Level 3.2 Fighting
 + Level 3.0 Armour
 - Level 2.4 Dodging
 - Level 2.6 Shields
 * Level 5.8 Unarmed Combat


You had 5 spell levels left.
You didn't know any spells.

Dungeon Overview and Level Annotations

Branches:
Dungeon (4/15)
 Temple: D:4-7

Altars:
Qazlal

Annotations:
D:3 Scuka's ghost, amateur BaFi
D:4 Robin


Innate Abilities, Weirdness & Mutations

Your body is rotting away.
You thrive on raw meat.
You are immune to poison.
You have sharp fingernails.
You are carnivorous and can eat meat at any time.
Your flesh is cold resistant. (rC+)
You are immune to negative energy. (rN+++)
You do not regenerate when monsters are visible.
You are immune to unholy pain and torment.
You can survive without breathing.


Message History

The magic dart hits you!
* * * LOW HITPOINT WARNING * * *
The orc wizard hits you with a dagger.
* * * LOW HITPOINT WARNING * * *
Damage: 5 (max 7)
The orc wizard gestures wildly while chanting.
The orc wizard blinks!
A magic dart appears from out of thin air!
The magic dart hits you!
* * * LOW HITPOINT WARNING * * *
Damage: 1 (max 7)
The orc wizard gestures at you while chanting.
The magic dart hits something.
The orc wizard mumbles some strange words.
The orc wizard blinks!
You feel your flesh rotting away. You block Scuka's ghost's attack.
Scuka's ghost barely misses you.
The orc wizard gestures wildly while chanting.
The orc wizard blinks!
Really read
g - 2 scrolls of teleportation {!r}?
As you read the scroll of teleportation {!r}, it crumbles to dust.
You feel strangely unstable. Scuka's ghost completely misses you.
Unknown command.
You hear some strange, mumbled words.
A magic dart appears from out of thin air!
The magic dart hits you!
* * * LOW HITPOINT WARNING * * *
Damage: 1 (max 7)
Your surroundings suddenly seem different.
Your shield and scale mail prevent you from hitting the orc wizard.
You block the orc wizard's attack.
Unknown command.
You scratch the orc wizard.
The orc wizard is lightly wounded.
The orc wizard hits you but does no damage. x2
You closely miss the orc wizard.
The orc wizard is lightly wounded.
The orc wizard casts a spell.
The orc wizard blinks!
The orc wizard gestures at you while chanting.
The magic dart hits you!
* * * LOW HITPOINT WARNING * * *
Damage: 6 (max 7) Unknown command.
The orc wizard points at you and mumbles some strange words.
You resist with some effort.
There is a stone staircase leading up here.
The orc wizard hits you with a dagger.
You die...

#..........# #.
#...[......#########.
#..........#.......#. #####
#..........#......... #...##
#..........#......... #...>##
##........##>......#. ###...##
##........##.......#. ###..#
#..........[.......#. #####..##
#...@o.............##
##...#...####..........#..>....#
..#....................#.......#
..#..........).........#...>)..#
......................)...##)#.#
.....................##..###.#.#
..#................####...#..#.#
..#.................####..#[##.#
#...#####.................[.##.#


You could see an orc wizard.

Vanquished Creatures
  A scorpion (D:3)
  An orc priest (D:3)
  A hound (D:3)
  An iguana (D:3)
  An adder (D:2)
  An ooze (D:1)
  An adder zombie (D:3)
  2 worms
  2 dart slugs (D:2)
  4 leopard geckos
  6 orcs (D:3)
  2 ball pythons
  7 bats
  4 giant cockroaches
  13 goblins
  11 hobgoblins
  11 jackals
  2 quokkas (D:3)
  6 frilled lizards
  11 kobolds
  3 rats
91 creatures vanquished.

Notes
Turn   | Place    | Note
-------+----------+-------------------------------------------
     0 | D:1      | Gorice the Ghoul Fighter began the quest for the Orb.
     0 | D:1      | Reached XP level 1. HP: 19/19 MP: 0/0
    42 | D:1      | Reached XP level 2. HP: 21/26 MP: 1/1
   297 | D:1      | Reached skill level 3 in Unarmed Combat
   465 | D:1      | Reached skill level 1 in Dodging
   636 | D:2      | Reached XP level 3. HP: 29/31 MP: 2/2
   990 | D:2      | Found a stormy altar of Qazlal.
  1046 | D:2      | Reached skill level 4 in Unarmed Combat
  1052 | D:2      | Reached XP level 4. HP: 25/38 MP: 3/3
  1691 | D:3      | Noticed Scuka's ghost (amateur BaFi)
  1784 | D:3      | HP: 5/38 [iguana (11)]
  1787 | D:3      | Reached skill level 2 in Dodging
  1787 | D:3      | Reached XP level 5. HP: 7/45 MP: 4/4
  2121 | D:3      | Reached skill level 5 in Unarmed Combat
  2552 | D:4      | Noticed Robin
  2563 | D:3      | Reached skill level 3 in Armour
  2563 | D:3      | Reached XP level 6. HP: 33/51 MP: 5/5
  2713 | D:4      | Noticed a phantom
  2774 | D:3      | HP: 15/51 [orc wizard/dagger (2)]
  2787 | D:3      | HP: 7/50 [something/magic dart (1)]
  2793 | D:3      | HP: 1/50 [orc wizard/magic dart (6)]
  2798 | D:3      | Slain by an orc wizard

Skill      XL: |  1  2  3  4  5 |
---------------+----------------+-----
Unarmed Combat | 3 4 5 |  5.8
Dodging        | 1 2 |  2.4
Armour         | 3 |  3.0
Fighting       | |  3.2
Shields        | |  2.6

Action                   |  1- 3 |  4- 6 || total
-------------------------+-------+-------++-------
Melee: Unarmed           |   147 |   178 ||   325
 Fire: Hunting sling     |     5 |     4 ||     9
  Use: Scroll            |     2 |     7 ||     9
  Eat: Chunk             |     7 |    19 ||    26
       Ration            |       |     1 ||     1
Armor: Scale mail        |    58 |   110 ||   168
Dodge: Dodged            |    46 |    68 ||   114
Block: Shield            |    75 |    96 ||   171

Table legend:
 A = Turns spent in this place as a percentage of turns spent in the entire game.
 B = Non-inter-level travel turns spent in this place as a percentage of non-inter-level travel turns spent in the entire game.
 C = Inter-level travel turns spent in this place as a percentage of turns spent in this place.
 D = Turns resting spent in this place as a percentage of non-inter-level travel turns spent in this place.
 E = Turns spent auto-exploring this place as a percentage of non-inter-level travel turns spent in this place.
 F = Non-inter-level travel turns spent in this place divided by the number of levels of this place that you've seen.
                   A       B       C       D       E      F
               +-------+-------+-------+-------+-------+----------------------
         Total | 100.0 | 100.0 |   6.9 |  14.6 |  40.0 | 651.2
       Dungeon | 100.0 | 100.0 |   6.9 |  14.6 |  40.0 | 651.2
               +-------+-------+-------+-------+-------+----------------------

Vault maps used:
D:1:      dpeg_arrival_renting, minmay_misc_feat_pillars
D:2:      nicolae_qazlal_general_emergency, minmay_misc_feat_rows
D:4:      grunt_temple_overflow_open, temple_hall, uniq_robin
